 Dungeon Crawl Stone Soup version 0.28.0-53-g5a82cb258f (webtiles) character file.

Game seed: 9120495992433810862

107 mcbry74 the Poker (level 4, -1/33 HPs)
             Began as a Merfolk Gladiator on June 27, 2022.
             Killed from afar by an orc wizard (10 damage)
             ... with a puff of flame
             ... on level 2 of the Dungeon.
             The game lasted 00:07:07 (2087 turns).

mcbry74 the Poker (Merfolk Gladiator)               Turns: 2087, Time: 00:07:07

Health: -1/33      AC:  4    Str: 14    XL:     4   Next: 85%
Magic:  4/4        EV: 13    Int:  9    God:
Gold:   8          SH:  0    Dex: 15    Spells: 3/3 levels left

rFire   . . .      SeeInvis .   a - +1 trident
rCold   . . .      Faith    .   (no shield)
rNeg    . . .      Spirit   .   b - +0 leather armour
rPois   .          Reflect  .   c - +0 helmet
rElec   .          Harm     .   (no cloak)
rCorr   .          Rampage  .   (no gloves)
Will    .....                   (no boots)
Stlth   ++........              (no amulet)
HPRegen 0.11/turn               (no ring)
MPRegen 0.09/turn               (no ring)

@: no status effects
A: (nimble swimmer 2), mertail
a: no special abilities


You were on level 2 of the Dungeon.
You visited 1 branch of the dungeon, and saw 3 of its levels.

You collected 129 gold pieces.
You spent 121 gold pieces at shops.

Inventory:

Hand Weapons
 a - a +1 trident (weapon)
Missiles
 d - 3 throwing nets (quivered)
 g - 4 boomerangs
 m - 12 stones
Armour
 b - a +0 leather armour (worn)
 c - a +0 helmet (worn)
 j - a +0 cloak
Scrolls
 e - 2 scrolls of fog
 f - a scroll of immolation
 i - 2 scrolls of vulnerability {unknown}
Potions
 h - 2 potions of flight {unknown}
 k - 5 potions of curing
 l - a potion of cancellation


   Skills:
 - Level 2.1 Fighting
 * Level 6.5 Polearms
 + Level 3.0 Throwing
 - Level 4.0 Dodging
 - Level 2.0 Stealth


You had 3 spell levels left.
You didn't know any spells.
Your spell library contained the following spells:

 Spells                   Type           Power      Damage    Failure   Level
 Gell's Gravitas          Tloc           0%         N/A       83%         3
 Lesser Beckoning         Tloc           0%         N/A       83%         3
 Teleport Other           Tloc           0%         N/A       83%         3


Dungeon Overview and Level Annotations

Branches:
Dungeon (3/15)

Altars:

Shops:
D:1 *


Innate Abilities, Weirdness & Mutations

((You are very nimble when in or above water. (Stealth+, EV+, Speed+++)))
Your lower body shifts to a powerful aquatic tail in water.


Message History

You hit the orc.
You kill the orc!
Your Throwing skill increases to level 3!
You closely miss the orc wizard.
The orc wizard is moderately wounded.
The orc wizard hits you but does no damage.
You closely miss the orc wizard.
The orc wizard is moderately wounded.
The orc wizard points at you and mumbles some strange words.
The magic dart hits you.
You hit the orc wizard.
The orc wizard is heavily wounded.
The orc wizard mumbles some strange words.
The orc wizard flickers and vanishes!
Deactivating autopickup; reactivate with Ctrl-A.
No target in view!
No target in view!
No target in view!
You barely miss something. Something hits you.
You barely miss something. Something hits you but does no damage.
You hit something. Something barely misses you.
You completely miss something. Something hits you.
You hit something. You hit something.
You hear some strange, mumbled words.
A puff of flame appears from out of thin air!
The puff of flame hits you.
You closely miss something. Something hits you.
You miss something. Something hits you but does no damage.
You closely miss something.
You hear some strange, mumbled words.
Something tries to affect you, but you resist.
You barely miss something. Something hits you but does no damage.
You completely miss something. Something hits you.
* * * LOW HITPOINT WARNING * * *
You miss something.
You hear some strange, mumbled words.
A puff of flame appears from out of thin air!
The puff of flame hits you!
You die...

####.#### ##...###.## # #.#
##.## #.# # #.# ########## #.#
# #.# #.....# ####)# ##### #.#
#.....####....####.... #.#
#.....##...#.......... #.#
#.....##.#...#####.... #.####
#.....##.#...# ###.# #....##
#####@##.....# #.# #..#..#
#{##..#..# #.#
##.###.#######.##..#..# #.#
#...#..........>#.....# #.#
#.#.).#.##.###..##....##### #..
#.##.##.##.###............# ###
#.##.........##.##....###.# #
#.##.##.##.#.......#.####.#####
#..........####.###............


There were no monsters in sight!

Vanquished Creatures
  2 adders (D:2)
  A gnoll (D:1)
  3 worms
  3 dart slugs
  An orc (D:2)
  6 endoplasms
  3 giant cockroaches
  5 goblins
  5 hobgoblins
  3 jackals (D:2)
  A quokka (D:2)
  7 ball pythons
  5 bats
  A frilled lizard (D:1)
  3 kobolds
  16 rats
65 creatures vanquished.

Notes
Turn   | Place    | Note
-------+----------+-------------------------------------------
     0 | D:1      | mcbry74 the Merfolk Gladiator began the quest for the Orb.
     0 | D:1      | Reached XP level 1. HP: 16/16 MP: 1/1
   146 | D:1      | Found Fusous's Assorted Antiques.
   177 | D:1      | Reached XP level 2. HP: 13/22 MP: 2/2
   332 | D:1      | Reached skill level 5 in Polearms
   332 | D:1      | Reached skill level 1 in Stealth
   488 | D:1      | Reached XP level 3. HP: 27/27 MP: 3/3
   638 | D:1      | Found a faded altar of an unknown god.
   949 | D:1      | Bought a purple potion for 23 gold pieces
   949 | D:1      | Bought a scroll labelled GACZIO XOAXZIN for 26 gold pieces
   949 | D:1      | Bought a scroll labelled PEANUVU XISMAI for 26 gold pieces
  1260 | D:2      | Reached XP level 4. HP: 33/33 MP: 4/4
  1296 | D:2      | Reached skill level 6 in Polearms
  1832 | D:1      | Bought 2 purple potions for 46 gold pieces
  2087 | D:2      | Killed from afar by an orc wizard

Illustrated notes

Levels and vault maps discovered:
D:1:      minmay_arrival_pointy, layout_rooms, shapermc_ecumenical_altar_ellora,
          serial_shops, shop_fountains, minmay_rat_gold_closets
D:2:      layout_loops_cross
D:3:      layout_rooms, nicolae_qazlal_scattered_showers

Skill      XL: |  1  2  3  4 |
---------------+-------------+-----
Polearms       | 5 6 |  6.5
Stealth        | 1 2 |  2.0
Throwing       | 3 |  3.0
Fighting       | |  2.1
Dodging        | |  4.0

Action                   |  1- 3 |  4- 6 || total
-------------------------+-------+-------++-------
Melee: Trident           |   110 |   106 ||   216
  Use: Scroll            |     4 |     1 ||     5
       Potion            |       |     1 ||     1
 Stab: Sleeping          |     5 |     6 ||    11
Armor: Leather armour    |    23 |    13 ||    36
Dodge: Dodged            |    52 |    40 ||    92
